 Dungeon Crawl Stone Soup version 0.27-a0-1196-g3e9cee4cb2 (webtiles) character file.

Game seed: 17081091231328703576

316 Armakuni the Ruffian (level 6, 0/61 HPs)
             Began as a Troll Transmuter on May 28, 2021.
             Succumbed to Blork the orc's poison
             ... on level 5 of the Dungeon.
             The game lasted 00:07:19 (3112 turns).

Armakuni the Ruffian (Troll Transmuter)             Turns: 3112, Time: 00:07:20

Health: 0/61       AC:  4    Str: 18 (19) XL:     6   Next: 20%
Magic:  6/6        EV:  9    Int:  8 (11) God:
Gold:   191        SH:  0    Dex:  7 (10) Spells: 4/7 levels left

rFire    . . .     SeeInvis .     - Unarmed
rCold    . . .     Faith    .   (no shield)
rNeg     . . .     Spirit   .   k - +0 robe
rPois    .         Reflect  .   (helmet restricted)
rElec    .         Harm     .   (no cloak)
rCorr    .         Rampage  .   (gloves unavailable)
Will     .....                  (boots unavailable)
Stlth    +.........             (no amulet)
HPRegen  1.20/turn              (no ring)
MPRegen  0.10/turn              (no ring)

@: mighty, lethally poisoned (0 -> -4), attractive
A: large, unfitting armour, claws 3, regeneration 1, shaggy fur 1, tough skin 1
a: no special abilities


You were on level 5 of the Dungeon.
You visited 1 branch of the dungeon, and saw 5 of its levels.

You collected 191 gold pieces.

Inventory:

Missiles
 a - 8 boomerangs
Armour
 k - a +0 robe (worn)
Magical Staves
 i - a staff of cold
Jewellery
 U - an amulet of faith
Scrolls
 f - 3 scrolls of identify


   Skills:
 + Level 3.0 Fighting
 - Level 1.5 Dodging
 + Level 4.7 Unarmed Combat
 - Level 1.2 Spellcasting
 + Level 3.0 Transmutations


You had 4 spell levels left.
You knew the following spells:

 Your Spells              Type           Power      Damage    Failure   Level
w - Wereblood             Tmut           5%         N/A       17%         2
z - Beastly Appendage     Tmut           10%        N/A       11%         1

Your spell library contained the following spells:

 Spells                   Type           Power      Damage    Failure   Level
 Shock                    Conj/Air       0%         1d3       36%         1
 Poisonous Vapours        Pois/Air       0%         N/A       52%         2
 Static Discharge         Conj/Air       0%         N/A       52%         2
 Spider Form              Tmut/Pois      1%         N/A       54%         3
 Conjure Flame            Conj/Fire      0%         6-21      75%         3
 Mephitic Cloud           Conj/Pois/Air  0%         N/A       75%         3
 Swiftness                Air            0%         N/A       75%         3
 Ice Form                 Ice/Tmut       2%         N/A       91%         4
 Airstrike                Air            0%         N/A       98%         4
 Hydra Form               Tmut           2%         N/A       97%         5
 Lightning Bolt           Conj/Air       0%         1d11      100%        5
 Freezing Cloud           Conj/Ice/Air   0%         6-21      100%        6


Dungeon Overview and Level Annotations

Branches:
Dungeon (5/15)
 Temple: D:4-7

Altars:
Vehumet

Shops:
D:4 =


Innate Abilities, Weirdness & Mutations

You are too large for most types of armour.
You have claws for hands.
Your natural rate of healing is unusually fast.
You are covered in fur. (AC +1)
You have tough skin. (AC +1)


Message History

You feel weakened.
You feel dopey.
You feel clumsy.
You feel very sick. Blork the orc barely misses you.
Blork the orc hits you with a +2 war axe of venom!
You are more poisoned.
Okay, then.
You feel very mighty all of a sudden.
* * * LOW HITPOINT WARNING * * *
You feel extremely sick. Blork the orc closely misses you.
You claw Blork the orc!
Blork the orc is moderately wounded.
* * * LOW HITPOINT WARNING * * *
You feel very sick. Blork the orc barely misses you.
You barely miss Blork the orc.
Blork the orc is moderately wounded.
* * * LOW HITPOINT WARNING * * *
You feel very sick. Blork the orc completely misses you.
Blork the orc casts a cantrip, but nothing happens.
You barely miss Blork the orc.
Blork the orc is moderately wounded.
* * * LOW HITPOINT WARNING * * *
You feel very sick.
Blork the orc hits you with a +2 war axe of venom.
* * * LOW HITPOINT WARNING * * *
You aren't carrying any items that you can evoke.
You aren't carrying any potions.
You are too injured to fight recklessly!
Unknown command.
You mangle Blork the orc!!
Blork the orc is almost dead.
* * * LOW HITPOINT WARNING * * *
You feel very sick. Blork the orc casts a spell at you.
The puff of frost hits you.
* * * LOW HITPOINT WARNING * * *
You claw Blork the orc!
You kill Blork the orc!
You die...

..# #.# #### ####.## ...
#.<...# #.######.....#
#.........(..#
#............#
#............####
.....######.....@).##+###
##.# ##'#..##......# ..
#.#..##......#
#.#...#......#
..#.#.#....$.#
###.#...##+### .......
##.#.#. .. .


There were no monsters in sight!

Vanquished Creatures
  Blork the orc (D:5)
  A hound (D:4)
  An orc priest (D:3)
  Jessica (D:2)
  2 iguanas (D:4)
  A hound skeleton (D:4)
  3 gnolls (D:3)
  A howler monkey skeleton (D:4)
  2 adders (D:3)
  An adder zombie (D:5)
  A worm (D:3)
  5 dart slugs
  5 orcs (D:3)
  A bat (D:2)
  4 endoplasms
  2 giant cockroaches
  6 goblins
  8 hobgoblins
  12 jackals
  4 quokkas
  8 ball pythons
  4 frilled lizards
  6 kobolds
  5 rats
85 creatures vanquished.

Notes
Turn   | Place    | Note
-------+----------+-------------------------------------------
     0 | D:1      | Armakuni the Troll Transmuter began the quest for the Orb.
     0 | D:1      | Reached XP level 1. HP: 18/18 MP: 1/1
   102 | D:1      | Reached skill level 1 in Fighting
   132 | D:1      | Reached XP level 2. HP: 27/27 MP: 2/2
   174 | D:1      | You fall into a shaft and drop 1 floor!
   528 | D:1      | Reached XP level 3. HP: 33/33 MP: 3/3
   860 | D:2      | Found a radiant altar of Vehumet.
   868 | D:2      | Noticed Jessica
   873 | D:2      | Killed Jessica
  1097 | D:2      | Reached XP level 4. HP: 42/42 MP: 4/4
  1238 | D:3      | Learned a level 2 spell: Wereblood
  1397 | D:3      | Reached skill level 4 in Unarmed Combat
  1631 | D:3      | Reached XP level 5. HP: 32/49 MP: 0/5
  2569 | D:4      | Found Vuxuemaj's Jewellery Shop.
  2680 | D:4      | Reached XP level 6. HP: 56/59 MP: 6/6
  3063 | D:5      | Entered Level 5 of the Dungeon
  3098 | D:5      | Noticed Blork the orc
  3110 | D:5      | HP: 3/61 [Blork the orc/+2 war axe of venom (4)]
  3111 | D:5      | HP: 1/61 [Blork the orc/puff of frost (1)]
  3112 | D:5      | Killed Blork the orc
  3112 | D:5      | Succumbed to Blork the orc's poison

Illustrated notes

Levels and vault maps discovered:
D:1:      dpeg_arrival_renting, layout_loops_ring, serial_forest,
          infiniplex_forest_clump_small, infiniplex_forest_clump_double,
          infiniplex_forest_lined_2, infiniplex_forest_end_3,
          infiniplex_forest_straight_3, infiniplex_forest_lined_3_way,
          infiniplex_forest_lined_3, infiniplex_forest_lined_3_way
D:2:      layout_rooms, basic_altar, uniq_jessica
D:3:      layout_loops_corners
D:4:      layout_loops_ring, serial_shops, shop
D:5:      layout_basic, minmay_temple_entry_mist, uniq_blork_the_orc

Skill      XL: |  1  2  3  4  5  6 |
---------------+-------------------+-----
Fighting       | 1 2 3 |  3.0
Transmutations | 2 3 |  3.0
Unarmed Combat | 4 |  4.7
Dodging        | |  1.5
Spellcasting   | |  1.2

Action                   |  1- 3 |  4- 6 || total
-------------------------+-------+-------++-------
Melee: Unarmed           |    74 |   126 ||   200
       Kick              |       |     2 ||     2
       Headbutt          |       |     1 ||     1
 Cast: Wereblood         |       |     2 ||     2
       Beastly Appendage |       |     2 ||     2
  Use: Scroll            |       |     4 ||     4
       Potion            |       |     4 ||     4
 Stab: Sleeping          |       |     2 ||     2
Armor: Robe              |    24 |    32 ||    56
Dodge: Dodged            |    27 |    44 ||    71

Table legend: (Time is in decaauts)
 A = Elapsed time spent in this place.
 B = Non-inter-level travel time spent in this place.
 C = Inter-level travel time spent in this place.
 D = Time resting spent in this place.
 E = Time spent auto-exploring this place.
 F = Levels seen in this place.
 G = Mean time per level.
                   A        B        C        D        E       F      G
               +--------+--------+--------+--------+--------+-----+--------+
         Total |   3096 |   3019 |     77 |     72 |   2312 |   5 |  619.2 |
       Dungeon |   3096 |   3019 |     77 |     72 |   2312 |   5 |  619.2 |
               +--------+--------+--------+--------+--------+-----+--------+

Top non-repeatable levels by time:
     D:3: 1014 daAuts
     D:4: 811 daAuts
     D:1: 725 daAuts
     D:2: 497 daAuts
     D:5: 47 daAuts
